 Dungeon Crawl Stone Soup version 0.20.1-1-g8b1a95d (webtiles) character file.

10620 Mesmaeker13 the Basher (level 11, -4/83 HPs)
             Began as a Pale Draconian Skald on Aug 26, 2017.
             Was a Priest of Nemelex Xobeh.
             Slain by an orc warrior
             ... wielding a cursed +0 halberd
              (20 damage)
             ... in a bailey.
             The game lasted 00:26:13 (12680 turns).

Mesmaeker13 the Basher (Pale Draconian Skald)      Turns: 12680, Time: 00:26:14

Health: -4/83      AC:  9    Str: 14    XL:     11   Next: 38%
Magic:  7/14       EV: 16    Int: 17    God:    Nemelex Xobeh [***...]
Gold:   561        SH:  0    Dex: 10    Spells: 3/14 levels left

rFire    . . .     SeeInvis .   r - +1 dire flail (freeze)
rCold    + . .     Gourm    .   (shield currently unavailable)
rNeg     . . .     Faith    .   (armour unavailable)
rPois    .         Spirit   .   (helmet restricted)
rElec    .         Reflect  .   h - +0 cloak
rCorr    .         Harm     .   l - +0 pair of gloves
MR       .....                  (no boots)
Stlth    +.........             F - amulet of rage
Regen    0.3/turn               k - ring of protection from cold
MPRegen  0.2/turn               (no ring)

@: infused
A: breathe steam, unfitting armour, cold-blooded, AC +7
a: Breathe Steam, Triple Draw, Renounce Religion, Evoke Berserk Rage


You were in a bailey.
You worshipped Nemelex Xobeh.
Nemelex Xobeh was most pleased with you.
You were hungry.

You visited 1 branch of the dungeon, and saw 10 of its levels.
You also visited: Sewer and Bailey.

You collected 561 gold pieces.

Inventory:

Hand Weapons
 q - a +1 dire flail of holy wrath
 r - a +1 dire flail of freezing (weapon)
Missiles
 L - 2 throwing nets (quivered)
Armour
 h - a +0 cloak (worn)
 l - a +0 pair of gloves (worn)
Jewellery
 j - an uncursed ring of flight
 k - a ring of protection from cold (left hand)
 z - an uncursed ring of magical power
 F - an amulet of rage (around neck)
Wands
 a - a wand of digging (10/24)
 C - a wand of lightning (1/15)
 D - a wand of clouds (0/9)
Scrolls
 e - 7 scrolls of teleportation
 n - 3 scrolls of remove curse
 o - a scroll of holy word {unknown}
 s - 2 scrolls of fog
 t - 2 scrolls of immolation
 u - a scroll of fear {unknown}
 y - a scroll of amnesia {unknown}
 B - a scroll of enchant armour {unknown}
 H - a scroll of blinking {unknown}
Potions
 m - a potion of resistance
 v - 2 potions of heal wounds {unknown}
 w - 5 potions of flight
 x - 4 potions of agility
 E - a potion of haste
Books
 b - a book of Battle

   Spells                             Type                      Level
   a - Infusion                       Charms                       1
   b - Shroud of Golubria             Charms/Translocation         2
   c - Song of Slaying                Charms                       2
   d - Spectral Weapon                Hexes/Charms                 3
   e - Regeneration                   Charms/Necromancy            3
 A - a book of Maledictions

   Spells                             Type                      Level
   a - Corona                         Hexes                        1
   b - Ensorcelled Hibernation        Hexes/Ice                    2
   c - Confuse                        Hexes                        3
   d - Tukima's Dance                 Hexes                        3
   e - Dazzling Spray                 Conjuration/Hexes            3
 I - a book of Flames

   Spells                             Type                      Level
   a - Flame Tongue                   Conjuration/Fire             1
   b - Throw Flame                    Conjuration/Fire             2
   c - Conjure Flame                  Conjuration/Fire             3
   d - Inner Flame                    Hexes/Fire                   3
   e - Sticky Flame                   Conjuration/Fire             4
   f - Fireball                       Conjuration/Fire             5
Miscellaneous
 d - a plain deck of destruction {drawn: 4}
 p - a plain deck of destruction {drawn: 1}
 G - an ornate deck of destruction {drawn: 4}
 J - an ornate deck of summoning
Comestibles
 c - 8 bread rations
 f - 8 meat rations
 g - 9 fruits
 i - 12 royal jellies


   Skills:
 + Level 3.8 Fighting
 + Level 9.6 Maces & Flails
 + Level 8.9 Dodging
 - Level 2.0 Spellcasting
 - Level 5.0 Hexes
 + Level 9.2 Charms
 - Level 3.0 Necromancy
 - Level 3.3 Translocations


You had 3 spell levels left.
You knew the following spells:

 Your Spells              Type           Power        Failure   Level  Hunger
a - Infusion              Chrm           ####         1%          1    #......
b - Shroud of Golubria    Chrm/Tloc      ###.......   2%          2    ###....
c - Song of Slaying       Chrm           ####....     1%          2    ###....
d - Regeneration          Chrm/Necr      ###.......   4%          3    ###....
e - Spectral Weapon       Hex/Chrm       ####....     3%          3    ###....


Dungeon Overview and Level Annotations

Branches:
Dungeon (10/15)            Temple (0/1) D:4            Lair (0/6) D:9
    Orc (0/2) D:9

Altars:
Cheibriados
Gozag
Makhleb
Nemelex Xobeh
Xom
Yredelemnul

Shops:
D:6 (


Innate Abilities, Weirdness & Mutations

You can breathe blasts of scalding, opaque steam.
Your pale cyan-grey scales are hard. (AC +7)
You cannot fit into any form of body armour.
You are cold-blooded and may be slowed by cold attacks.


Message History

An orc warrior comes into view. It is wielding an arbalest.
You closely miss the orc warrior.
The orc warrior is moderately wounded.
Your spectral weapon closely misses the orc warrior.
The orc warrior shoots a bolt.
The bolt misses you. The bolt hits your spectral weapon!
Your spectral weapon shares its damage with you!
The orc warrior completely misses you. The orc warrior barely misses you.
You closely miss the orc warrior.
The orc warrior is moderately wounded.
Your spectral weapon hits the orc warrior but does no damage.
The orc warrior moves out of view.
An orc warrior comes into view. It is wielding a halberd.
You sock the orc warrior!! You freeze the orc warrior.
You kill the orc warrior!
The orc warrior hits you from afar with a halberd!!
* * * LOW HITPOINT WARNING * * *
The orc warrior hits you from afar with a halberd!!
You die...
Your body glows slightly and disappears.

### ##### ##∩##
####
.....##...##....
.≈≈≈..#...#..≈≈≈
≈≈.≈≈.......≈≈)≈
≈.)o≈.......≈o)o
≈≈)≈≈oo...o.≈≈.≈
#())# #.@(#
##∩## ###


You could see an orc knight, 3 orc warriors, an orc and a friendly spectral dire
flail of freezing.

Vanquished Creatures
  Erolcha (D:10)
  A centaur warrior (D:9)
  A two-headed ogre (D:8)
  An orc knight (Bailey)
  Psyche (D:8)
  The ghost of hilaritas the Magician, a novice DEIE of Vehumet (D:5)
  Grinder (D:4)
  A human (D:7)
  7 yaks (D:9)
  4 hogs (D:7)
  Edmund (D:4)
  Duvessa (D:4)
  4 porcupines
  A water moccasin (D:6)
  7 orc warriors
  3 sky beasts
  2 phantoms
  2 ice beasts
  A necrophage (D:7)
  4 ogres
  3 black bears
  6 centaurs
  A crocodile (D:9)
  2 bullfrogs
  A wyvern zombie (D:7)
  3 scorpions
  Dowan (D:5)
  A water moccasin skeleton (D:10)
  6 killer bees (D:10)
  6 wights
  10 crimson imps
  A centaur zombie (D:8)
  5 hounds
  6 orc wizards
  4 jellies
  3 human zombies (D:7)
  2 orc priests
  Ijyb (D:4)
  2 worker ants
  An ogre zombie (D:7)
  6 mummies (D:7)
  A hound skeleton (D:5)
  21 adders
  A river rat (D:4)
  2 white imps (D:7)
  An adder zombie (D:9)
  3 adder skeletons
  3 worms
  3 dart slugs
  10 leopard geckos
  31 orcs
  10 giant cockroaches
  4 goblins
  8 hobgoblins
  4 iguanas
  8 jackals
  6 kobolds
  6 quokkas
  3 ball pythons
  16 bats
  3 frilled lizards
  2 leopard gecko skeletons
  An orc zombie (D:7)
  A quokka skeleton (D:5)
  8 rats
  A fungus (D:9)
  A plant (D:9)
274 creatures vanquished.

Vanquished Creatures (collateral kills)
  An orc warrior (Bailey)
1 creature vanquished.

Vanquished Creatures (others)
  3 orc warriors (Bailey)
  A slave (D:7)
  An orc (Bailey)
  A hobgoblin (D:4)
  6 fungi (D:9)
  A plant (D:9)
  A spectral weapon (D:9)
14 creatures vanquished.

Grand Total: 289 creatures vanquished

Notes
Turn   | Place    | Note
-------+----------+-------------------------------------------
     0 | D:1      | Mesmaeker13 the Draconian Skald began the quest for the Orb.
     0 | D:1      | Reached XP level 1. HP: 17/17 MP: 3/3
   383 | D:1      | Reached XP level 2. HP: 24/24 MP: 5/5
  1122 | D:2      | Reached XP level 3. HP: 27/29 MP: 6/6
  1126 | D:2      | Learned a level 2 spell: Shroud of Golubria
  1753 | D:2      | Found a snail-covered altar of Cheibriados.
  1761 | D:2      | Found a sparkling altar of Nemelex Xobeh.
  1792 | D:2      | Became a worshipper of Nemelex Xobeh the Trickster
  1962 | D:2      | Found an opulent altar of Gozag.
  1983 | D:2      | Reached XP level 4. HP: 35/36 MP: 4/7
  2510 | D:3      | Learned a level 2 spell: Song of Slaying
  2789 | D:3      | Received a gift from Nemelex Xobeh
  2937 | D:3      | Reached XP level 5. HP: 22/41 MP: 8/8
  3551 | D:3      | Found a shimmering altar of Xom.
  3940 | D:4      | Learned a level 3 spell: Regeneration
  4037 | D:4      | Reached XP level 6. HP: 12/48 MP: 6/9
  4138 | D:4      | Found a glowing drain.
  4142 | Sewer    | Entered a sewer
  4481 | Sewer    | Received a gift from Nemelex Xobeh
  4749 | Sewer    | Reached * piety under Nemelex Xobeh
  4934 | D:4      | Noticed Ijyb
  4963 | D:4      | Killed Ijyb
  5057 | D:4      | Noticed Grinder
  5080 | D:4      | Killed Grinder
  5080 | D:4      | Your scales start taking on a pale cyan-grey colour.
  5080 | D:4      | Reached XP level 7. HP: 50/55 MP: 7/10
  5324 | D:4      | Noticed Edmund
  5349 | D:4      | Killed Edmund
  5349 | D:4      | Reached skill level 5 in Maces & Flails
  5349 | D:4      | Reached skill level 5 in Charms
  5640 | D:4      | Found a staircase to the Ecumenical Temple.
  5756 | D:5      | Entered Level 5 of the Dungeon
  6105 | D:5      | Noticed hilaritas's ghost (novice DEIE)
  6110 | D:4      | Reached skill level 5 in Dodging
  6113 | D:4      | Reached skill level 1 in Translocations
  6396 | D:4      | Reached XP level 8. HP: 61/61 MP: 11/11
  6899 | D:5      | Killed hilaritas's ghost
  7181 | D:5      | Noticed Dowan
  7192 | D:5      | Killed Dowan
  7199 | D:5      | Noticed Duvessa
  7609 | D:4      | Killed Duvessa
  7884 | D:5      | Reached skill level 1 in Necromancy
  7938 | D:5      | Learned a level 3 spell: Spectral Weapon
  8079 | D:6      | Reached XP level 9. HP: 57/67 MP: 12/12
  8088 | D:6      | Got a glittering silver ring
  8090 | D:6      | Identified the ring of Pefeps {*Tele Dex+3 Slay+2 Stlth+} (You found it on level 6 of the Dungeon)
  8130 | D:6      | Reached ** piety under Nemelex Xobeh
  8453 | D:6      | Found Iwiumm's Weapon Shop.
  8521 | D:6      | Received a gift from Nemelex Xobeh
  8682 | D:7      | Noticed Pikel
  8683 | D:7      | Noticed Pikel
  8683 | D:7      | Pikel changed into Pikel the water moccasin
  8695 | D:6      | Killed Pikel the water moccasin
  9271 | D:7      | Reached skill level 1 in Hexes
  9428 | D:7      | Found a basalt altar of Yredelemnul.
  9678 | D:7      | Reached XP level 10. HP: 51/73 MP: 9/13
 10059 | D:8      | Noticed a two-headed ogre
 10066 | D:8      | Killed a two-headed ogre
 10367 | D:8      | Noticed Psyche
 10374 | D:8      | Paralysed by something for 4 turns
 10394 | D:8      | Killed Psyche
 10675 | D:8      | Received a gift from Nemelex Xobeh
 11113 | D:9      | Reached *** piety under Nemelex Xobeh
 11131 | D:9      | Found a staircase to the Lair.
 11276 | D:9      | Found a staircase to the Orcish Mines.
 11280 | D:9      | Found a burning altar of Makhleb.
 11283 | D:9      | Noticed a cacodemon
 11300 | D:9      | Noticed a centaur warrior
 11311 | D:9      | Killed a centaur warrior
 11311 | D:9      | Reached skill level 5 in Hexes
 11523 | D:9      | Received a gift from Nemelex Xobeh
 11670 | D:9      | Reached XP level 11. HP: 54/79 MP: 11/14
 12163 | D:10     | Entered Level 10 of the Dungeon
 12301 | D:10     | Noticed Erolcha
 12313 | D:10     | Killed Erolcha
 12357 | D:10     | Found a flagged portal.
 12370 | Bailey   | Entered a bailey
 12370 | Bailey   | Noticed an orc knight
 12662 | Bailey   | Noticed an orc knight
 12676 | Bailey   | Killed an orc knight
 12680 | Bailey   | Slain by an orc warrior

Skill      XL: |  1  2  3  4  5  6  7  8  9 10 11 |
---------------+----------------------------------+-----
Charms         | 3 4 5 6 7 8 9 |  9.2
Maces & Flails | 3 4 5 6 7 9 |  9.6
Dodging        | 3 4 5 6 7 8 |  8.9
Translocations | 1 3 |  3.3
Necromancy     | 1 2 3 |  3.0
Hexes          | 3 5 |  5.0
Fighting       | 3 |  3.8
Spellcasting   | |  2.0

Action                   |  1- 3 |  4- 6 |  7- 9 | 10-12 || total
-------------------------+-------+-------+-------+-------++-------
Melee: Mace              |   138 |   229 |    21 |       ||   388
       Tailslap          |    13 |    19 |    32 |    21 ||    85
       Dire flail        |       |       |   376 |   243 ||   619
 Cast: Infusion          |     4 |    16 |     8 |     5 ||    33
       Shroud of Golubri |     2 |     8 |    18 |    15 ||    43
       Regeneration      |       |     4 |     7 |     8 ||    19
       Spectral Weapon   |       |       |     3 |    13 ||    16
       Song of Slaying   |       |       |     1 |     1 ||     2
 Abil: Breathe Steam     |       |       |    14 |     4 ||    18
Evoke: Wand              |       |     4 |       |     1 ||     5
       Deck              |       |     7 |     5 |     8 ||    20
  Use: Scroll            |     1 |     2 |     3 |     2 ||     8
       Potion            |       |     5 |     4 |     1 ||    10
 Stab: Distracted        |       |     1 |       |       ||     1
       Confused          |       |       |       |     2 ||     2
       Invisible         |       |       |       |     1 ||     1
  Eat: Chunk             |     4 |    12 |    15 |    14 ||    45
       Bread ration      |       |       |     1 |       ||     1
Armor: Skin              |    66 |   176 |   110 |    60 ||   412
Dodge: Dodged            |    84 |   157 |   282 |   151 ||   674
